 Dungeon Crawl Stone Soup version 0.31.0-32-g396128a36d (webtiles) character file.

Game seed: 17137857739957841998

337 gohu the Magician (level 6, -5/40 HPs)
             Began as a Djinni Fire Elementalist on Mar 10, 2024.
             Slain by a scorpion (7 damage)
             ... on level 4 of the Dungeon.
             The game lasted 00:06:28 (3718 turns).

gohu the Magician (Djinni Fire Elementalist)        Turns: 3718, Time: 00:06:29

Health: -5/40      AC:  3    Str:  7    XL:     6   Next: 85%
Gold:   9          EV: 13    Int: 18    God:
                   SH:  0    Dex: 20

rFire   + + .        (no weapon)
rCold   x . .        (no shield)
rNeg    . . .        a - +0 robe
rPois   ∞            (no helmet)
rElec   .            (no cloak)
rCorr   .            i - +0 pair of gloves
SInv    .            (boots unavailable)
Will    .....        (no amulet)
Stlth   ++           e - +6 ring of dexterity
HPRegen 0.26/turn    (no ring)
MPRegen 0.00/turn

%: infuse magic (-6 HP)
@: flying
A: sickness immunity, fire resistance 2, cold vulnerability 1, float, innate
caster, HP casting, extra vitality 1
a: no special abilities


You were on level 4 of the Dungeon.
You visited 1 branch of the dungeon, and saw 4 of its levels.

You collected 141 gold pieces.
You spent 132 gold pieces at shops.

Inventory:

Armour
 a - a +0 robe (worn)
 b - a +0 tower shield
 i - a +0 pair of gloves (worn)
 m - a +0 pair of gloves
Jewellery
 e - a +6 ring of dexterity (left hand)
Wands
 h - a wand of digging (2)
Scrolls
 c - 3 scrolls of revelation {unknown}
 f - 2 scrolls of identify {unknown}
 j - a scroll of teleportation {unknown}
 k - 3 scrolls of noise {unknown}
 n - a scroll of butterflies {unknown}
 o - a scroll of fear {unknown}
 q - a scroll of enchant weapon {unknown}
Potions
 d - a potion of enlightenment {unknown}
 g - a potion of invisibility {unknown}
 l - 2 potions of degeneration {unknown}
 p - 3 potions of curing
 r - a potion of heal wounds
 s - a potion of attraction {unknown}


   Skills:
 - Level 2.1 Dodging
 - Level 1.5 Stealth
 * Level 5.9 Spellcasting
 * Level 5.9 Conjurations
 * Level 5.9 Hexes
   Level 0.0 Charms
 * Level 5.9 Summonings
 * Level 5.9 Necromancy
 * Level 5.9 Translocations
   Level 0.0 Transmutations
 * Level 5.9 Fire Magic
 * Level 5.9 Ice Magic
 * Level 5.9 Air Magic
 * Level 5.9 Earth Magic
 * Level 5.9 Alchemy


You knew the following spells:

 Your Spells              Type           Power      Damage    Failure   Level
a - Foxfire               Conj/Fire      100%       2x1d9     1%          1
b - Scorch                Fire           52%        2d7       1%          2
c - Volatile Blastmotes   Fire/Tloc      52%        2d14      3%          3
d - Inner Flame           Hex/Fire       26%        N/A       3%          3
e - Flame Wave            Conj/Fire      26%        2d8       11%         4
f - Kiss of Death         Conj/Necr      100%       2d13      1%          1
g - Mercury Vapours       Alch/Air       52%        N/A       1%          2
Your spell library was empty.

Dungeon Overview and Level Annotations

Branches:
Dungeon (4/15)
 Temple: D:4-7

Altars:
Trog
Xom

Shops:
D:1 =!   D:3 :

Annotations:
D:2 1 runed translucent door, Crazy Yiuf


Innate Abilities, Weirdness & Mutations

You are immune to sickness and miasma.
You are immune to poison.
Your flesh is very heat resistant. (rF++)
You are vulnerable to cold. (rC-)
You float through the air rather than walking.
You learn spells naturally, not from books.
Your magical power is your life essence.
You have superior vitality. (+4 MHP)


Message History

You are knocked back by the blast.
Things that are here:
a +0 dagger; a +0 leather armour
Casting: Volatile Blastmotes (dangerous; 3% risk of failure)
Confirm with . or Enter, or press ? or * to list all spells.
A cloud of volatile blastmotes flares up around you!
Run!
* * * LOW HITPOINT WARNING * * *
You see here a +0 dagger.
Casting: Volatile Blastmotes (dangerous; 3% risk of failure)
Confirm with . or Enter, or press ? or * to list all spells.
Flames lash the hobgoblin.
The hobgoblin is almost dead.
The hobgoblin's fire resistance burns away.
* * * LOW HITPOINT WARNING * * *
Casting: Scorch (safe; 1% risk of failure)
Confirm with . or Enter, or press ? or * to list all spells.
Flames lash the hobgoblin.
The hobgoblin is burned terribly!
You kill the hobgoblin!
* * * LOW HITPOINT WARNING * * *
A scorpion comes into view.
Casting: Scorch (safe; 1% risk of failure)
Confirm with . or Enter, or press ? or * to list all spells.
A cloud of volatile blastmotes flares up around you!
Run!
* * * LOW HITPOINT WARNING * * *
The scorpion attacks as it pursues you! The scorpion stings you.
* * * LOW HITPOINT WARNING * * *
The cloud of blastmotes explodes!
The concussive blast engulfs the scorpion!
The scorpion is severely wounded.
The concussive blast engulfs you. You resist.
* * * LOW HITPOINT WARNING * * *
You are knocked back by the blast.
Casting: Volatile Blastmotes (dangerous; 3% risk of failure)
Confirm with . or Enter, or press ? or * to list all spells.
Flames lash the scorpion.
The scorpion is almost dead.
The scorpion's fire resistance burns away.
* * * LOW HITPOINT WARNING * * *
The scorpion stings you!
You die...

... #.# #.# #.# ###
#o# #.# .. #)#
#K#..# #.# #.#..#
#.##########.#.#
#.#...)g).....#
#.).)######...#
#.....†.s@#...#
##...####.....#
##.## ####### #.#
#.# #.#########
##########..........
............#######.
#########...#


You could see a scorpion (combustible).

Vanquished Creatures
  A phantom (D:4)
  An orc priest (D:4)
  2 hounds (D:4)
  Terence (D:2)
  4 adders
  3 gnolls (D:3)
  3 ribbon worms (D:2)
  6 orcs
  3 bats
  8 endoplasms
  4 giant cockroaches
  7 goblins
  3 hobgoblins
  4 jackals (D:2)
  3 kobolds
  4 quokkas
  9 ball pythons
  9 rats
75 creatures vanquished.

Vanquished Creatures (others)
  187 foxfires
187 creatures vanquished.

Grand Total: 262 creatures vanquished

Notes
Turn   | Place    | Note
-------+----------+-------------------------------------------
     0 | D:1      | gohu the Djinni Fire Elementalist began the quest for the
                  | Orb.
     0 | D:1      | gohu set off with the following spells memorised: Foxfire,
                  | Scorch, Volatile Blastmotes, Inner Flame, Flame Wave.
     0 | D:1      | Reached XP level 1. HP: 15/15 MP: 0/0
    40 | D:1      | Found Xuihuxoyl's Distillery.
   180 | D:1      | Reached XP level 2. HP: 20/21 MP: 0/0
   495 | D:1      | Found Samod's Jewellery Boutique.
   755 | D:1      | Reached XP level 3. HP: 24/25 MP: 0/0
   755 | D:1      | Learned a level 1 spell: Kiss of Death
  1150 | D:2      | Reached XP level 4. HP: 29/31 MP: 0/0
  1240 | D:2      | Noticed Terence
  1257 | D:2      | Killed Terence
  1516 | D:2      | Reached XP level 5. HP: 27/35 MP: 0/0
  1516 | D:2      | Learned a level 2 spell: Mercury Vapours
  1895 | D:2      | Found a runed translucent door.
  1896 | D:2      | Noticed Crazy Yiuf
  2217 | D:3      | Found Esesm's Book Shoppe.
  2477 | D:3      | Reached skill level 5 in Spellcasting
  2477 | D:3      | Reached skill level 5 in Conjurations
  2477 | D:3      | Reached skill level 5 in Hexes
  2477 | D:3      | Reached skill level 5 in Summonings
  2477 | D:3      | Reached skill level 5 in Necromancy
  2477 | D:3      | Reached skill level 5 in Translocations
  2477 | D:3      | Reached skill level 5 in Fire Magic
  2477 | D:3      | Reached skill level 5 in Ice Magic
  2477 | D:3      | Reached skill level 5 in Air Magic
  2477 | D:3      | Reached skill level 5 in Earth Magic
  2477 | D:3      | Reached skill level 5 in Alchemy
  2686 | D:3      | Found a shimmering altar of Xom.
  2738 | D:3      | Found a bloodstained altar of Trog.
  3336 | D:1      | Bought a potion of heal wounds for 60 gold pieces
  3336 | D:1      | Bought 2 potions of curing for 72 gold pieces
  3630 | D:4      | Reached XP level 6. HP: 35/40 MP: 0/0
  3718 | D:4      | Slain by a scorpion

Illustrated notes

Levels and vault maps discovered:
D:1:      dpeg_arrival_houses_and_road, layout_loops_corners, serial_shops,
          shop, shop
D:2:      layout_loops_ring, serial_glass, glass_columns_c, glass_columns_c,
          minmay_misc_feat_enclosed, minmay_statues_item, columned_hall_lemuel,
          palyth_stone_intersect, grunt_decor_resistance, minmay_crystal_room,
          kennysheep_decorative_pillar, uniq_crazy_yiuf_cottage, uniq_terence
D:3:      layout_loops_corners, lemuel_tele_altar, marbit_many_paths,
          serial_shops, nicolae_square_shop
D:4:      layout_loops_ring, elyvilon_altar_3, solitary_fountain

Skill      XL: |  1  2  3  4  5 |
---------------+----------------+-----
Spellcasting   | 4 5 |  5.9
Conjurations   | 4 5 |  5.9
Hexes          | 4 5 |  5.9
Summonings     | 4 5 |  5.9
Necromancy     | 4 5 |  5.9
Translocations | 4 5 |  5.9
Fire Magic     | 4 5 |  5.9
Ice Magic      | 4 5 |  5.9
Air Magic      | 4 5 |  5.9
Earth Magic    | 4 5 |  5.9
Alchemy        | 4 5 |  5.9
Dodging        | |  2.1
Stealth        | |  1.5

Action                     |  1- 3 |  4- 6 || total
---------------------------+-------+-------++-------
   Cast: Foxfire           |    43 |    79 ||   122
         Scorch            |     6 |    10 ||    16
         Volatile Blastmot |       |    21 ||    21
 Armour: Robe              |     3 |    12 ||    15
  Dodge: Dodged            |    10 |     8 ||    18
